 Dungeon Crawl Stone Soup version 0.31-a0-1522-g43313d8a59 (webtiles) character file.

Game seed: 2826126384256510476

235257 gdog the Unseen (level 19, -14/161 HPs)
             Began as a Gnoll Delver on Dec 30, 2023.
             Was an Elder of Ashenzari.
             Demolished by Igext the Head Instructor
             ... wielding a +1 antimagic triple sword
              (17 damage)
             ... in a wizard's laboratory on Dec 31, 2023.
             The game lasted 03:52:09 (42865 turns).

gdog the Unseen (Gnoll Delver)                     Turns: 42865, Time: 03:52:09

Health: -14/161    AC: 17    Str: 12    XL:     19   Next: 62%
Magic:  1/12       EV: 24    Int: 18    God:    Ashenzari [****..]
Gold:   489        SH: 13    Dex: 14    Spells: 13/49 levels left

rFire   + . .        j - +1 morningstar (antimagic)
rCold   + + .        D - +0 kite shield of Ashenzari's Lethargy {rC+, Melee, Comp} (curse)
rNeg    + . .        R - +0 steam dragon scales "Perceptive Discomfort" {Comp, Range} (curse)
rPois   +            J - +1 helmet of the Shattered Fetters {Int+3, Fort, Sorc} (curse)
rElec   .            Z - scarf "Share My Awkwardness" {rC+ rF+, Elem, Bglg} (curse)
rCorr   .            q - +2 pair of gloves of Ashenzari's Asceticism {Cun, Sorc} (curse)
SInv    +            O - +1 pair of boots of Supernal Knowledge {Fort, Self} (curse)
Will    ++...        n - amulet "Nicwit" {rPois rN+ Regen+}
Stlth   ++++++       N - ring of willpower
HPRegen 1.26/turn    r - ring "Behold Eternity" {EV+5, Self, Comp} (curse)
MPRegen 0.13/turn

%: clarity
@: silenced, hasted, very quick
A: fangs 1, strong nose, distributed training, clumsy 1, subdued magic 1
}: 1/15 runes: gossamer
a: Renounce Religion, Shatter the Chains


You were in a wizard's laboratory.
You worshipped Ashenzari.
Ashenzari was greatly pleased with you.
You visited 5 branches of the dungeon, and saw 28 of its levels.
You also visited: Ice Cave and Wizlab.

You collected 2514 gold pieces.
You spent 2025 gold pieces at shops.

Inventory:

Hand Weapons
 a - a +8 scimitar of flaming
 h - the +4 whip "Heavob" {antimagic, rElec rPois Str-4 Dex+4}
   (You found it on level 2 of the Lair of Beasts)

   Str-4:     It affects your strength (-4).
   Dex+4:     It affects your dexterity (+4).
   rElec:     It insulates you from electricity.
   rPois:     It protects you from poison
 j - a +1 antimagic morningstar (weapon)
 Y - a +2 dagger of venom
Armour
 q - the cursed +2 pair of gloves of Ashenzari's Asceticism (worn) {Cun, Sorc}
   (You found it on level 3 of the Dungeon)

   It has a curse which improves the following skills: Cunning: Dodging and
   Stealth.
   Sorcery:   Conjurations and Alchemy.
 D - the cursed +0 kite shield of Ashenzari's Lethargy (worn) {rC+, Melee, Comp}
   (You found it in an ice cave)

   It has a curse which improves the following skills: Melee Combat: Short
   Blades, Long Blades, Axes, Maces & Flails, Polearms, Staves and Unarmed
   Combat.
   Companions: Summonings and Necromancy.
 J - the cursed +1 helmet of the Shattered Fetters (worn) {Int+3, Fort, Sorc}
   (You bought it in a shop on level 2 of the Dungeon)

   It has a curse which improves the following skills: Fortitude: Armour and
   Shields.
   Sorcery:   Conjurations and Alchemy.
 O - the cursed +1 pair of boots of Supernal Knowledge (worn) {Fort, Self}
   (You found it on level 8 of the Dungeon)

   It has a curse which improves the following skills: Fortitude: Armour and
   Shields.
   Introspection: Fighting and Spellcasting.
 R - the cursed +0 steam dragon scales "Perceptive Discomfort" (worn) {Comp, Range}
   (You took it off Maggie on level 9 of the Dungeon)

   It has a curse which improves the following skills: Companions: Summonings
   and Necromancy.
   Ranged Combat: Ranged Weapons and Throwing.
 Z - the cursed scarf "Share My Awkwardness" (worn) {rC+ rF+, Elem, Bglg}
   (You found it on level 4 of the Spider Nest)

   It has a curse which improves the following skills: Elements: Fire Magic, Ice
   Magic, Air Magic and Earth Magic.
   Beguiling: Hexes and Translocations.
Magical Staves
 W - the staff "Wokhih" {rElec rF+ Will+ Fire}
   (You found it on level 1 of the Lair of Beasts)

   [staff of fire]

   Base accuracy: +5 Base damage: 5 Base attack delay: 1.2 This weapon's minimum
   attack delay (0.6) is reached at skill level 12.
   rF+:       It protects you from fire.
   rElec:     It insulates you from electricity.
   Will+:     It increases your willpower.
   Fire:      It increases the power of your Fire spells.
   It falls into the 'Staves' category.
   It is a one-handed weapon.
Jewellery
 n - the amulet "Nicwit" (around neck) {rPois rN+ Regen+}
   (You acquired it on level 1 of the Elven Halls)

   [amulet of regeneration]

   rPois:     It protects you from poison rN+: It protects you from negative
   energy.
   Regen+:    It increases your rate of health regeneration.
 r - the cursed ring "Behold Eternity" (right hand) {EV+5, Self, Comp}
   (You found it on level 3 of the Dungeon)

   [ring of evasion]

   EV+5:      It affects your evasion (+5).
   It has a curse which improves the following skills: Introspection: Fighting
   and Spellcasting.
   Companions: Summonings and Necromancy.
 K - a ring of ice
 L - a ring of resist corrosion
 N - a ring of willpower (left hand)
 V - a ring of magical power
Wands
 g - a wand of digging (9)
 o - a wand of quicksilver (17)
 p - a wand of charming (20)
 t - a wand of iceblast (31)
 S - a wand of flame (41)
 X - a wand of mindburst (3)
Scrolls
 c - 4 scrolls of fog
 e - a scroll of revelation
 f - 8 scrolls of noise
 i - 7 scrolls of teleportation
 w - a scroll of torment
 x - 3 scrolls of silence
 y - 6 scrolls of amnesia
 G - a scroll of brand weapon
 H - a scroll of vulnerability
 Q - a scroll of fear
Potions
 b - a potion of resistance
 d - 7 potions of curing
 k - 5 potions of magic
 s - 6 potions of attraction
 u - 3 potions of cancellation
 B - 2 potions of mutation
 E - 4 potions of enlightenment
 F - a potion of might
 I - a potion of brilliance
 M - 4 potions of ambrosia
Miscellaneous
 l - a lightning rod (inert)
 P - a phial of floods (inert)


   Skills:
 + Level 14.6(17.2) Fighting
 + Level 13.9(15.6) Short Blades
 + Level 13.2(14.9) Long Blades
 + Level 13.2(14.9) Axes
 + Level 13.2(14.9) Maces & Flails
 + Level 13.2(14.9) Polearms
 + Level 13.2(14.9) Staves
 + Level 13.2(14.9) Ranged Weapons
 + Level 13.2(14.9) Throwing
 + Level 13.2(15.8) Armour
 + Level 13.9(15.6) Dodging
 + Level 16.0(17.7) Stealth
 + Level 13.2(15.8) Shields
 + Level 13.2(14.9) Unarmed Combat
 + Level 13.2(15.8) Spellcasting
 + Level 11.2(13.9) Conjurations
 + Level 11.2(13.0) Hexes
 + Level 11.2(14.7) Summonings
 + Level 11.2(14.7) Necromancy
 + Level 11.2(13.0) Translocations
 + Level 11.2(13.0) Fire Magic
 + Level 11.2(13.0) Ice Magic
 + Level 11.2(13.0) Air Magic
 + Level 11.2(13.0) Earth Magic
 + Level 11.2(13.9) Alchemy
 + Level 14.3 Invocations
 + Level 13.2 Evocations
 + Level 12.2 Shapeshifting


You had 13 spell levels left.
You knew the following spells:

 Your Spells              Type           Power      Damage    Failure   Level
a - Confusing Touch       Hex            47%        N/A       1%          3
b - Scorch                Fire           94%        2d8       1%          2
c - Slow                  Hex            100%       N/A       1%          1
d - Mercury Vapours       Alch/Air       96%        N/A       1%          2
e - Olgreb's Toxic Radia  Alch           49%        N/A       1%          4
f - Summon Cactus Giant   Summ           25%        N/A       1%          6
g - Yara's Violent Unrav  Hex/Alch       24%        3d11      1%          5
h - Flame Wave            Conj/Fire      48%        2d12      1%          4
i - Enfeeble              Hex            23%        N/A       28%         7
B - Blink                 Tloc           94%        N/A       1%          2

Your spell library contained the following spells:

 Spells                   Type           Power      Damage    Failure   Level
 Magic Dart               Conj           100%       1d8       0%          1
 Sting                    Conj/Alch      100%       1d9       0%          1
 Call Imp                 Summ           100%       N/A       0%          2
 Sandblast                Erth           94%        2d19      1%          1
 Jinxbite                 Hex            94%        N/A       1%          2
 Static Discharge         Conj/Air       96%        3-7/arc   1%          2
 Fugue of the Fallen      Necr           51%        N/A       1%          3
 Ozocubu's Armour         Ice            47%        N/A       1%          3
 Passwall                 Erth           47%        N/A       1%          3
 Sigil of Binding         Hex            47%        N/A       1%          3
 Stone Arrow              Conj/Erth      96%        3d13      1%          3
 Vampiric Draining        Necr           51%        2d9       1%          3
 Airstrike                Air            23%        2d(4-20)  1%          4
 Brom's Barrelling Bould  Conj/Erth      48%        2d7       1%          4
 Ignite Poison            Fire/Alch      48%        N/A       1%          4
 Manifold Assault         Tloc           47%        N/A       1%          4
 Sticky Flame             Fire/Alch      48%        2d9       1%          4
 Summon Lightning Spire   Summ/Air       49%        N/A       1%          4
 Arcjolt                  Conj/Air       24%        1d34      1%          5
 Iskenderun's Battlesphe  Conj           49%        2d10      1%          5
 Bombard                  Conj/Erth      24%        9d5       3%          6
 Spellforged Servitor     Conj/Summ      25%        N/A       16%         7
 Ignition                 Fire           23%        3d8       93%         8
 Chain Lightning          Conj/Air       24%        3d32      100%        9


Dungeon Overview and Level Annotations

Branches:
Dungeon (15/15)            Temple (0/1) D:6            Lair (5/5) D:9
  Swamp (0/4) Lair:3       Spider (4/4) Lair:3        Slime (0/5) Lair:4
    Orc (2/2) D:11            Elf (2/3) Orc:2        Vaults (0/5) D:14
 Depths (0/4) D:15          IceCv (visited)          WizLab (1/1)

Altars:
Ashenzari
Gozag
Hepliaklqana
Kikubaaqudgha
Jiyva

Shops:
D:2 ?[*   D:5 (   D:9 [[   D:12 !   D:13 [   Orc:1 :   Orc:2 ==!:   Elf:1 (:

Portals:
Trove: D:15 (give 14 scrolls of teleportation)

Annotations:
D:10 3 runed translucent doors, grandjackal's ghost, journeyman DsGl


Innate Abilities, Weirdness & Mutations

You have very sharp teeth.
Your uncanny sense of smell can sniff out nearby items.
Your experience applies equally to all skills.
You are clumsy. (Dex -2)
Your spells are a little easier to cast, but a little less powerful.


Message History

The arcanist attacks as it pursues you! The arcanist closely misses you.
Okay, then.
Aiming: Charm
Press: ? - help, Shift-Dir - straight line, f/p - deep elf knight
Aim: a deep elf knight, wielding a +0 antimagic dire flail and wearing a +0 scale mail (silenced, severely wounded, chance to affect: 26%) Igext resists with almost no effort.
Igext completely misses you.
Igext hits you with a +2 antimagic triple sword!
* * * LOW HITPOINT WARNING * * *
Okay, then.
Aiming: Thunderbolt
Press: ? - help, Shift-Dir - straight line, f/p - deep elf knight
Aim: a deep elf knight, wielding a +0 antimagic dire flail and wearing a +0 scale mail (silenced, severely wounded)
The thunderbolt hits Igext!!
Igext is heavily wounded.
The thunderbolt hits the deep elf knight!!
You kill the deep elf knight!
Igext hits you but does no damage.
Igext hits you with a +2 antimagic triple sword!!
* * * LOW HITPOINT WARNING * * *
You radiate silence.
Your actions are hasted.
Your movement speed is very quick.
Your attack delay is about 0.5 (and is slowed by your shield).
Your damage rating with your +1 antimagic morningstar is about 23 (Base 13 x 105% (Str) x 167% (Skill) + 1 (Ench)).
Your base attributes are Str 12, Int 15, Dex 16.
You hit Igext.
Igext's magic leaks into the air.
Igext is heavily wounded.
The arcanist closely misses you.
The phial of floods is presently inert.
Unknown command.
Aiming: Thunderbolt
Press: ? - help, Shift-Dir - straight line, f - arcanist
Aim: an arcanist, wielding a +2 antimagic halberd and wearing a +0 chain mail (silenced, heavily wounded, fast)
The thunderbolt hits the arcanist!
The arcanist is severely wounded.
The thunderbolt hits Igext!
Igext is severely wounded.
The lightning rod overheats!
Igext's magic is no longer disrupted.
Igext hits you with a +1 antimagic triple sword!
You die...

*#..#...♣....~~[~~~.....,
**..#......#.~~~~~~.#..,,
,,,........#.♣~~~~♣.#...,
,8,,#..#.♣....♣~~♣....♣.,
*#.##....#..#......#..#,,
,........##[..#..#...##,,
,......[[.°#........#..,,
*#######...#[......#...,,
♣♣♣.#..[..♣@.♣##...,,
*♣♣...##.))p@........,*
**...........)N.......,
♣....⌠......##''##....,
♣♣........###....###..,
♣♣......##,,......**.,
♣♣.####*,,,.......***
♣♣*,,,'{,........',,
*,,,*,,**..##..#,,


You could see Igext the Head Instructor, an arcanist (fast) and a naga mage
(fast).

Vanquished Creatures
  Norris (Elf:1)
  Arachne (Spider:3)
  A quicksilver dragon (WizLab)
  A frost giant (IceCv)
  9 emperor scorpions
  6 ghost moths
  3 broodmothers
  A deep elf annihilator (Elf:1)
  2 spark wasps (Spider:4)
  2 entropy weavers
  A jorogumo (Spider:4)
  2 radroaches
  11 centaur warriors
  6 boulder beetles
  Erica (Lair:2)
  5 hydras
  A merfolk avatar (Lair:5)
  A sphinx skeleton (D:15)
  2 death knights
  2 two-headed ogres
  6 demonic crawlers
  7 death yaks
  An occultist (WizLab)
  An orc high priest (Orc:2)
  Urug (Lair:5)
  5 skysharks
  5 deep elf knights
  5 pharaoh ants
  2 spriggan druids (Lair:3)
  A sea snake (Lair:5)
  4 deep elf archers
  11 orb spiders
  A sun moth (Spider:2)
  An arcanist (WizLab)
  A lindwurm (Lair:5)
  18 deep elf pyromancers
  14 wolf spiders
  10 deep elf zephyrmancers (Elf:1)
  A mana viper (WizLab)
  4 orc sorcerers
  A harpy (Lair:5)
  5 orc knights (Orc:2)
  5 steelbarb worms
  An oklob plant (Lair:1)
  10 ugly things
  3 moths of wrath
  4 cyclopes
  2 manticores (D:13)
  12 elephants
  4 nameless horrors
  2 kobold blastminers (Orc:2)
  8 torpor snails
  3 black mambas (Lair:5)
  Joseph (D:8)
  11 cane toads
  An ice statue (IceCv)
  9 komodo dragons
  Maggie (D:9)
  An unseen horror (D:9)
  Jeremiah (D:9)
  3 efreet (D:14)
  2 tengu conjurers
  6 rime drakes
  3 freezing wraiths
  6 trolls
  A polar bear (shapeshifter) (D:14)
  A burning bush (Lair:2)
  8 polar bears
  23 tarantellas
  A queen bee (shapeshifter) (D:13)
  23 blink frogs
  Prince Ribbit (D:9)
  2 dream sheep
  5 slime creatures
  A centaur simulacrum (D:14)
  2 air elementals (Elf:1)
  A shadow (D:10)
  A spriggan skeleton (D:15)
  21 culicivoras
  26 jumping spiders
  4 wyverns
  58 yaks
  2 vampires
  A wraith (D:13)
  A basilisk (Lair:5)
  A yak (shapeshifter) (D:13)
  37 redbacks
  A warg (Orc:2)
  2 steam dragons
  Edmund (D:5)
  4 vampire mosquitoes
  A swamp worm (shapeshifter) (D:13)
  An acid dragon (shapeshifter) (D:13)
  Duvessa (D:5)
  2 acid dragons
  3 water moccasins
  A swamp drake (shapeshifter) (D:13)
  A sky beast (D:7)
  A black bear (D:5)
  2 ice beasts (D:7)
  18 orc warriors
  7 ogres
  15 wolves
  4 centaurs
  A phantom (D:5)
  2 kobold brigands
  10 bullfrogs
  3 gnoll sergeants
  5 scorpions
  11 wights
  Dowan (D:5)
  3 killer bees (D:9)
  An electric eel (Lair:3)
  A bombardier beetle (D:6)
  3 howler monkeys
  2 hounds
  3 jellies
  14 orc priests
  Jessica (D:3)
  2 hell rats (D:9)
  A sleepcap (D:6)
  2 iguanas (D:6)
  18 orc wizards
  16 gnolls
  12 adders
  2 white imps (D:7)
  2 ufetubi (D:5)
  2 dart slugs
  4 ribbon worms
  58 orcs
  7 endoplasms
  17 giant cockroaches
  6 goblins
  4 hobgoblins
  6 jackals
  7 quokkas
  2 ball pythons
  5 bats
  5 frilled lizards
  18 kobolds
  8 rats
814 creatures vanquished.

Vanquished Creatures (collateral kills)
  Aizul (Elf:1)
  An emperor scorpion (Spider:4)
  An ironbound preserver (D:14)
  A vampire knight (WizLab)
  A spark wasp (Spider:4)
  A fire dragon (D:13)
  2 entropy weavers
  A hydra (D:14)
  2 ogre magi (WizLab)
  2 jorogumos
  4 dancing weapons (Elf:1)
  2 two-headed ogres (Orc:2)
  A death yak (IceCv)
  A boulder beetle (D:13)
  3 demonic crawlers
  A vampire mage (WizLab)
  2 orc high priests (Orc:2)
  A tengu warrior (D:13)
  2 hell knights (WizLab)
  3 skeletal warriors
  2 pharaoh ants
  A sea snake (Lair:5)
  4 steelbarb worms
  A flayed ghost (D:15)
  A deep elf zephyrmancer (Elf:2)
  2 necromancers
  A deep elf pyromancer (Elf:1)
  4 ugly things
  4 mana vipers (WizLab)
  A harpy (Lair:5)
  2 wolf spiders
  5 elephants
  A moth of wrath (Spider:4)
  2 manticores
  An oklob plant (Lair:1)
  A meliai (shapeshifter) (D:13)
  4 cane toads
  A cane toad (shapeshifter) (D:14)
  A tengu conjurer (WizLab)
  A freezing wraith (D:14)
  3 efreet
  5 polar bears
  4 tarantellas
  A troll (D:13)
  A wind drake (Lair:5)
  A hornet (Lair:5)
  2 nameless horrors
  A spriggan zombie (D:15)
  6 blink frogs
  6 dream sheep
  4 jumping spiders
  A jumping spider (shapeshifter) (D:14)
  3 slime creatures (D:15)
  5 culicivoras
  4 basilisks
  A warg (Orc:2)
  16 yaks
  11 redbacks
  A vampire mosquito (D:14)
  A water moccasin (Lair:5)
  An orc warrior (Orc:2)
  An ogre (Orc:2)
  4 wolves (IceCv)
  An earth elemental (Elf:1)
  A scorpion (Lair:3)
  3 jellies (Lair:4)
  2 orc priests (Orc:2)
  An orc wizard (Orc:2)
  A ribbon worm (Lair:3)
165 creatures vanquished.

Vanquished Creatures (others)
  An emperor scorpion (Spider:4)
  A deep elf knight (Elf:1)
  A pharaoh ant (Spider:2)
  A deep elf archer (Elf:1)
  An arcanist (WizLab)
  A cyclops (D:13)
  Maurice (D:9)
7 creatures vanquished.

Grand Total: 986 creatures vanquished

Notes
Turn   | Place    | Note
-------+----------+-------------------------------------------
     0 | D:5      | Reached skill level 9 in Stealth
     0 | D:5      | gdog the Gnoll Delver began the quest for the Orb.
     0 | D:5      | Reached XP level 1. HP: 23/23 MP: 1/1
     1 | D:6      | Noticed a scorpion
     6 | D:6      | Killed a scorpion
     7 | D:6      | Reached skill level 1 in Long Blades
     7 | D:6      | Reached skill level 1 in Axes
     7 | D:6      | Reached skill level 1 in Maces & Flails
     7 | D:6      | Reached skill level 1 in Polearms
     7 | D:6      | Reached skill level 1 in Staves
     7 | D:6      | Reached skill level 1 in Ranged Weapons
     7 | D:6      | Reached skill level 1 in Throwing
     7 | D:6      | Reached skill level 1 in Armour
     7 | D:6      | Reached skill level 1 in Shields
     7 | D:6      | Reached skill level 1 in Unarmed Combat
     7 | D:6      | Reached skill level 1 in Spellcasting
     7 | D:6      | Reached skill level 1 in Invocations
     7 | D:6      | Reached skill level 1 in Evocations
     7 | D:6      | Reached XP level 2. HP: 29/29 MP: 1/3
     7 | D:6      | Reached XP level 3. HP: 35/35 MP: 1/4
   164 | D:4      | Reached skill level 1 in Shapeshifting
   164 | D:4      | Reached XP level 4. HP: 41/41 MP: 5/5
   310 | D:4      | Reached skill level 1 in Conjurations
   310 | D:4      | Reached skill level 1 in Hexes
   310 | D:4      | Reached skill level 1 in Summonings
   310 | D:4      | Reached skill level 1 in Necromancy
   310 | D:4      | Reached skill level 1 in Translocations
   310 | D:4      | Reached skill level 1 in Fire Magic
   310 | D:4      | Reached skill level 1 in Ice Magic
   310 | D:4      | Reached skill level 1 in Air Magic
   310 | D:4      | Reached skill level 1 in Earth Magic
   310 | D:4      | Reached skill level 1 in Alchemy
   546 | D:3      | Noticed Jessica
   556 | D:3      | Killed Jessica
   557 | D:3      | Reached XP level 5. HP: 27/47 MP: 7/7
   580 | D:2      | Found Hiwuexul's Magic Scroll Shoppe.
   660 | D:2      | Bought a scroll of noise for 12 gold pieces
   660 | D:2      | Bought a scroll of identify for 24 gold pieces
   663 | D:2      | Bought a scroll of identify for 24 gold pieces
   666 | D:2      | Found Diur's Antique Armour Emporium.
   752 | D:1      | Found a faded altar of an unknown god.
  1416 | D:2      | Found Nyppos's Assorted Antiques.
  1959 | D:2      | Reached XP level 6. HP: 50/53 MP: 8/8
  3000 | D:4      | Reached skill level 5 in Short Blades
  3000 | D:4      | Reached skill level 5 in Dodging
  3610 | D:5      | Reached XP level 7. HP: 47/59 MP: 10/10
  4107 | D:5      | Found Xiurgh's Weapon Shoppe.
  4111 | D:5      | Noticed Dowan
  4295 | D:5      | Noticed Edmund
  4302 | D:5      | Killed Edmund
  4303 | D:5      | Reached skill level 10 in Stealth
  4579 | D:5      | Noticed Duvessa
  4861 | D:6      | Reached XP level 8. HP: 67/67 MP: 12/12
  5109 | D:6      | Learned a level 2 spell: Scorch
  5113 | D:6      | Learned a level 3 spell: Confusing Touch
  5135 | D:6      | Found an opulent altar of Gozag.
  5135 | D:6      | Found a broken altar of Ashenzari.
  5164 | D:6      | Became a worshipper of Ashenzari the Shackled
  5278 | D:6      | Found a staircase to the Ecumenical Temple.
  5776 | D:7      | Learned a level 1 spell: Slow
  5783 | D:7      | Noticed a wyvern
  5846 | D:6      | Killed a wyvern
  6375 | D:7      | Reached XP level 9. HP: 74/74 MP: 11/15
  6538 | D:2      | Bought a shiny helmet for 172 gold pieces
  6549 | D:2      | Bought a scroll labelled KOJINUGIRR for 23 gold pieces
  6710 | D:7      | Identified the +2 robe "Visadgh" {rN+}
  7436 | D:8      | Reached * piety under Ashenzari
  7450 | D:8      | Noticed Joseph
  7452 | D:8      | Noticed a two-headed ogre
  7667 | D:2      | Bought a scroll of identify for 24 gold pieces
  7782 | D:5      | Killed Duvessa
  7787 | D:5      | Killed Dowan
  7893 | D:8      | Learned a level 2 spell: Mercury Vapours
  7969 | D:7      | Learned a level 4 spell: Olgreb's Toxic Radiance
  8028 | D:7      | Killed a two-headed ogre
  8029 | D:7      | Reached skill level 5 in Invocations
  8180 | D:8      | Killed Joseph
  8181 | D:8      | Reached skill level 5 in Long Blades
  8181 | D:8      | Reached skill level 5 in Axes
  8181 | D:8      | Reached skill level 5 in Maces & Flails
  8181 | D:8      | Reached skill level 5 in Polearms
  8181 | D:8      | Reached skill level 5 in Staves
  8181 | D:8      | Reached skill level 5 in Ranged Weapons
  8181 | D:8      | Reached skill level 5 in Throwing
  8181 | D:8      | Reached skill level 5 in Armour
  8181 | D:8      | Reached skill level 5 in Shields
  8181 | D:8      | Reached skill level 5 in Unarmed Combat
  8181 | D:8      | Reached skill level 5 in Spellcasting
  8181 | D:8      | Reached skill level 5 in Evocations
  8181 | D:8      | Reached XP level 10. HP: 35/83 MP: 4/18
  8703 | D:9      | Killed an unseen horror
  8764 | D:9      | Noticed Maggie
  8777 | D:9      | Killed Maggie
  8778 | D:9      | Reached skill level 11 in Stealth
  8941 | D:9      | Found Tufaegib's Antique Armour Emporium.
  8975 | D:9      | Found Vugyak's Armour Emporium.
  9073 | D:9      | Noticed a death yak
  9074 | D:9      | Noticed Prince Ribbit
  9079 | D:9      | Killed Prince Ribbit
  9080 | D:9      | Reached skill level 5 in Shapeshifting
  9082 | D:9      | Killed a death yak
  9403 | D:9      | Found a staircase to the Lair.
  9403 | D:9      | Noticed a death yak
  9412 | D:9      | Noticed a death yak
  9466 | D:9      | Killed a death yak
  9686 | D:9      | Killed a death yak
  9687 | D:9      | Reached skill level 5 in Conjurations
  9687 | D:9      | Reached skill level 5 in Hexes
  9687 | D:9      | Reached skill level 5 in Summonings
  9687 | D:9      | Reached skill level 5 in Necromancy
  9687 | D:9      | Reached skill level 5 in Translocations
  9687 | D:9      | Reached skill level 5 in Fire Magic
  9687 | D:9      | Reached skill level 5 in Ice Magic
  9687 | D:9      | Reached skill level 5 in Air Magic
  9687 | D:9      | Reached skill level 5 in Earth Magic
  9687 | D:9      | Reached skill level 5 in Alchemy
  9687 | D:9      | Reached XP level 11. HP: 62/90 MP: 18/21
  9908 | D:9      | Noticed Jeremiah
  9957 | D:9      | Noticed Maurice
  9970 | D:9      | Killed Maurice
 10022 | D:9      | Killed Jeremiah
 10569 | D:10     | Entered Level 10 of the Dungeon
 10620 | D:10     | Reached ** piety under Ashenzari
 10939 | D:10     | Noticed a two-headed ogre
 10939 | D:10     | Noticed a cyclops
 11651 | D:10     | Found a runed translucent gate.
 11651 | D:10     | Found a runed translucent gate.
 11652 | D:10     | Found a runed translucent gate.
 11654 | D:10     | Noticed an 11-headed hydra
 11654 | D:10     | Noticed grandjackal's ghost (journeyman DsGl)
 12035 | D:11     | Reached *** piety under Ashenzari
 12096 | D:11     | Found a staircase to the Orcish Mines.
 12203 | D:11     | Found a hazy altar of Hepliaklqana.
 12211 | D:11     | Noticed a boulder beetle
 12239 | D:11     | Killed a boulder beetle
 12508 | D:11     | Noticed a two-headed ogre
 12517 | D:11     | Killed a two-headed ogre
 12941 | D:11     | Noticed a cyan ugly thing
 12957 | D:11     | Killed a cyan ugly thing
 12958 | D:11     | Reached XP level 12. HP: 89/103 MP: 16/26
 13475 | D:11     | Reached **** piety under Ashenzari
 13723 | D:12     | Noticed a centaur warrior
 13727 | D:12     | Found Jaedealo's Distillery.
 13739 | D:12     | Killed a centaur warrior
 13933 | D:12     | Reached skill level 12 in Stealth
 14502 | D:12     | Noticed a boulder beetle
 14522 | D:12     | Killed a boulder beetle
 14523 | D:12     | Reached skill level 10 in Fighting
 14806 | D:13     | Noticed a centaur warrior
 14816 | D:13     | Killed a centaur warrior
 14817 | D:13     | Noticed a six-headed hydra
 14859 | D:13     | Killed a six-headed hydra
 14972 | D:13     | Found Patualip's Armour Boutique.
 15174 | D:13     | Noticed a centaur warrior
 15186 | D:13     | Killed a centaur warrior
 15625 | Lair:1   | Entered Level 1 of the Lair of Beasts
 15793 | Lair:1   | Learned a level 6 spell: Summon Cactus Giant
 15797 | Lair:1   | Found an opulent altar of Gozag.
 16168 | Lair:1   | Reached XP level 13. HP: 104/114 MP: 20/29
 16334 | Lair:1   | Identified the staff "Wokhih" {rElec rF+ Will+ Fire}
 17221 | Lair:2   | Noticed Erica
 17234 | Lair:2   | Killed Erica
 18069 | Lair:2   | Identified the +4 whip "Heavob" {antimagic, rElec rPois
                  | Str-4 Dex+4}
 18243 | D:9      | Bought an ichor-stained scarf for 320 gold pieces
 18243 | D:9      | Identified the scarf "Kida" {rC+ rF+, rPois rCorr Int-3}
                  | (You bought it in a shop on level 9 of the Dungeon)
 18248 | D:9      | Reached ***** piety under Ashenzari
 18945 | Lair:3   | Found a hole to the Spider Nest.
 18948 | Lair:3   | Found a frozen archway.
 18960 | IceCv    | Entered an ice cave
 19052 | IceCv    | Reached skill level 10 in Short Blades
 19052 | IceCv    | Reached skill level 10 in Dodging
 19563 | IceCv    | Reached skill level 13 in Stealth
 19881 | IceCv    | Reached skill level 10 in Invocations
 19881 | IceCv    | Reached XP level 14. HP: 125/125 MP: 23/32
 19937 | IceCv    | Noticed a frost giant
 20055 | IceCv    | Killed a frost giant
 20676 | Lair:3   | Found a staircase to the Swamp.
 21184 | Lair:4   | Identified the +8 great sword of Runuzxac {elec, rC+ MP+9
                  | Int+2 Dex+3}
 21301 | Lair:4   | Found a staircase to the Slime Pits.
 21313 | Lair:4   | Learned a level 5 spell: Yara's Violent Unravelling
 21331 | Lair:4   | Found a viscous altar of Jiyva.
 21902 | D:2      | Bought a scroll of enchant weapon for 90 gold pieces
 21902 | D:2      | Bought a scroll of summoning for 114 gold pieces
 21902 | D:2      | Bought a scroll of summoning for 114 gold pieces
 22203 | Lair:5   | Entered Level 5 of the Lair of Beasts
 22592 | Lair:5   | Reached skill level 10 in Long Blades
 22592 | Lair:5   | Reached skill level 10 in Axes
 22592 | Lair:5   | Reached skill level 10 in Maces & Flails
 22592 | Lair:5   | Reached skill level 10 in Polearms
 22592 | Lair:5   | Reached skill level 10 in Staves
 22592 | Lair:5   | Reached skill level 10 in Ranged Weapons
 22592 | Lair:5   | Reached skill level 10 in Throwing
 22592 | Lair:5   | Reached skill level 10 in Armour
 22592 | Lair:5   | Reached skill level 10 in Shields
 22592 | Lair:5   | Reached skill level 10 in Unarmed Combat
 22592 | Lair:5   | Reached skill level 10 in Spellcasting
 22592 | Lair:5   | Reached skill level 10 in Evocations
 22916 | Lair:5   | Reached XP level 15. HP: 133/133 MP: 34/34
 23763 | Lair:5   | Noticed Urug
 23778 | Lair:5   | Killed Urug
 24797 | Orc:1    | Entered Level 1 of the Orcish Mines
 24972 | Orc:2    | Entered Level 2 of the Orcish Mines
 25239 | Orc:1    | Found Boschooh's Vocational Training.
 25425 | Orc:2    | Found a staircase to the Elven Halls.
 25507 | Orc:2    | Reached skill level 14 in Stealth
 25875 | Orc:2    | Found Plog's Book Shoppe.
 25885 | Orc:2    | Bought a book of Minor Magic for 208 gold pieces
 25888 | Orc:2    | Learned a level 2 spell: Blink
 25956 | Orc:2    | Found Jys Ybba's Distillery.
 25956 | Orc:2    | Found Qaxzerph's Distillery.
 25958 | Orc:2    | Found Tobrevasa's Jewellery Boutique.
 25958 | Orc:2    | Found Tedghoqeo's Jewellery Emporium.
 25969 | Orc:2    | Bought a potion of heal wounds for 75 gold pieces
 25969 | Orc:2    | Bought a potion of heal wounds for 75 gold pieces
 26303 | D:14     | Identified the +2 robe "Igucwor" {SInv}
 26444 | D:14     | Identified the +1 mace of Niybuled {venom, *Slow Int+6}
 26885 | D:14     | Reached skill level 10 in Shapeshifting
 26911 | D:14     | Found a gate to the Vaults.
 26921 | D:14     | Reached XP level 16. HP: 120/142 MP: 35/35
 27346 | D:15     | Entered Level 15 of the Dungeon
 27536 | D:15     | Found a staircase to the Depths.
 27606 | D:15     | Found a portal to a secret trove of treasure.
 30099 | Spider:1 | Entered Level 1 of the Spider Nest
 30105 | Spider:1 | Learned a level 4 spell: Flame Wave
 31612 | Spider:2 | Identified the +0 ring mail of Plog {rN+ Dex+3 Slay-6
                  | Stlth+}
 31950 | Orc:2    | Bought a potion of experience for 750 gold pieces
 31950 | Orc:2    | Reached skill level 10 in Conjurations
 31950 | Orc:2    | Reached skill level 10 in Hexes
 31950 | Orc:2    | Reached skill level 10 in Summonings
 31950 | Orc:2    | Reached skill level 10 in Necromancy
 31950 | Orc:2    | Reached skill level 10 in Translocations
 31950 | Orc:2    | Reached skill level 10 in Fire Magic
 31950 | Orc:2    | Reached skill level 10 in Ice Magic
 31950 | Orc:2    | Reached skill level 10 in Air Magic
 31950 | Orc:2    | Reached skill level 10 in Earth Magic
 31950 | Orc:2    | Reached skill level 10 in Alchemy
 31950 | Orc:2    | Reached XP level 17. HP: 151/151 MP: 37/37
 32398 | Spider:2 | Reached skill level 15 in Stealth
 32398 | Spider:2 | Reached XP level 18. HP: 101/158 MP: 36/38
 33613 | Spider:3 | Gained mutation: Your spells are a little easier to cast,
                  | but a little less powerful. [mutagenic glow]
 33638 | Spider:3 | Gained mutation: You are clumsy. (Dex -2) [mutagenic glow]
 34677 | Spider:3 | Noticed Arachne
 34695 | Spider:3 | Killed Arachne
 35263 | Spider:4 | Entered Level 4 of the Spider Nest
 39316 | Spider:4 | Got a gossamer rune of Zot
 39537 | Spider:4 | Reached XP level 19. HP: 150/167 MP: 29/40
 40155 | Elf:1    | Entered Level 1 of the Elven Halls
 40161 | Elf:1    | Identified the serpent talisman of the Dowdy God {rF+++
                  | Will- Dex-4 Stlth+}
 40161 | Elf:1    | Noticed Aizul
 40241 | Elf:1    | Killed Aizul
 40517 | Elf:1    | Identified the Vademecum on Blasts
 40546 | Elf:1    | Noticed Norris
 40554 | Elf:1    | Killed Norris
 40971 | Elf:1    | Identified a scroll of acquirement
 40983 | Elf:1    | Acquired the amulet "Nicwit" {rPois rN+ Regen+}
 41047 | Elf:1    | Found Xeit's Book Shoppe.
 41091 | Elf:1    | Found an ancient bone altar of Kikubaaqudgha.
 41109 | Elf:1    | Found Duyxyoj's Weapon Shop.
 41129 | Elf:1    | Paralysed by an air elemental for 1 turns
 42345 | Elf:2    | HP: 7/165 [deep elf knight (4)]
 42532 | Elf:2    | Found a magical portal.
 42544 | WizLab   | Entered Yara's Duelist Academy
 42828 | WizLab   | Reached skill level 16 in Stealth
 42836 | WizLab   | Noticed Igext
 42847 | WizLab   | Learned a level 7 spell: Enfeeble
 42863 | WizLab   | HP: 2/161 [Igext the Head Instructor/+1 antimagic triple
                  | sword (22)]
 42865 | WizLab   | Demolished by Igext the Head Instructor

Illustrated notes

Levels and vault maps discovered:
D:1:      scummos_arrival_star, layout_basic,
          ebering_ecumenical_altar_sacrificial
D:2:      minmay_roachtagon, layout_basic, serial_shops, shop, shop_statue,
          shop, kennysheep_big_empty_room, minmay_misc_feat_rugged
D:3:      layout_basic, uniq_jessica
D:4:      layout_cave_pools, small_statue_intersection
D:5:      layout_loops_corners, serial_shops, nicolae_shop_bloodbath_and_beyond,
          nicolae_concentric_dashed_squares_mild, uniq_edmund, uniq_duvessa
D:6:      layout_basic, chequers_temple_overflow_statue_of_worship,
          minmay_temple_entry_gardened_gates, minmay_misc_feat_tower,
          nicolae_half_adder
D:7:      layout_basic, eino_small_chamber_without_monster
D:8:      layout_rooms, uniq_joseph
D:9:      layout_basic, dpeg_lair_monsters, serial_shops, kennysheep_mini, shop,
          uniq_prince_ribbit1, uniq_maurice, uniq_maggie, uniq_jeremiah
D:10:     layout_stronghold, gammafunk_ghost_hydra_chop, lightli_corner_chamber
D:11:     layout_layer_cave, kennysheep_orc_monster_closet_entryway,
          nicolae_hepliaklqana_hazy_memory
D:12:     layout_loops_ring, serial_shops, nicolae_shop_real_fake_doors
D:13:     nzn_winding_woodlands_medium [nzn_winding_woodlands_hourglass,
          nzn_winding_woodlands_5x15_split_checker,
          nzn_winding_woodlands_5x5_three, nzn_winding_woodlands_5x5_default,
          nzn_winding_woodlands_center_pierced_h,
          nzn_winding_woodlands_5x5_open_star,
          nzn_winding_woodlands_5x5_checkerboard,
          nzn_winding_woodlands_5x15_crooked,
          nzn_winding_woodlands_5x5_closed_star], layout_grid_maze,
          serial_shops, shop
D:14:     layout_cave_pools, skrybe_vaults_entry_preservation, chequers_garden,
          minmay_mirror_moons_of_madness
D:15:     gammafunk_depths_entry_grave, layout_basic, nrook_pool_corridor,
          enter_trove_2
Lair:1:   layout_big_grid, lemuel_oklob_altar
Lair:2:   layout_gridlike, evilmike_ambush [evilmike_ambush_outer_corners,
          evilmike_ambush_inner_wall_1], lemuel_fruit_tree, grunt_megastairs_3,
          uniq_erica
Lair:3:   layout_misc_corridors, mainiacjoe_swamp_entry_angry_trees,
          nicolae_spider_entry_non_spiders, portal_ice_cave_entry_pillars_1,
          grunt_megastairs_1, serial_bayou_shore_a
Lair:4:   layout_gridlike, nicolae_slime_entry_field_trip
Lair:5:   gammafunk_lair_ancient_temple, layout_long_grid, uniq_urug
Spider:1: layout_cave_pods
Spider:2: layout_spider_delve
Spider:3: layout_spider_delve, uniq_arachne
Spider:4: guppyfry_spider_rune
Orc:1:    layout_caves, nicolae_shop_vocational
Orc:2:    grunt_orc_tribal_feast, layout_diamond_mine, serial_shops,
          nicolae_shop_behind_doors, nicolae_orc_damp_corner
Elf:1:    eino_elf_arrival_sip, layout_loops_corners, serial_shops,
          nicolae_take_the_stairs, nicolae_shop_trees, basic_altar,
          minmay_elf_annihilation, uniq_norris, uniq_aizul
Elf:2:    nicolae_elf_blades_splatter_lattice [infiniplex_blade_entry_pillars],
          layout_geoelf_diagonals, mu_enter_wizlab_4, grunt_ministairs_2,
          guppyfry_elf_lava
WizLab:   wizlab_yara

Skill      XL: |  1  2  3  4  5  6  7  8  9 10 11 12 13 14 15 16 17 18 19 |
---------------+----------------------------------------------------------+-----
Stealth        | 10 11 12 13 14 15 16 | 16.0
Long Blades    | 1 2 3 5 6 7 8 9 10 11 12 13 | 13.2
Axes           | 1 2 3 5 6 7 8 9 10 11 12 13 | 13.2
Maces & Flails | 1 2 3 5 6 7 8 9 10 11 12 13 | 13.2
Polearms       | 1 2 3 5 6 7 8 9 10 11 12 13 | 13.2
Staves         | 1 2 3 5 6 7 8 9 10 11 12 13 | 13.2
Ranged Weapons | 1 2 3 5 6 7 8 9 10 11 12 13 | 13.2
Throwing       | 1 2 3 5 6 7 8 9 10 11 12 13 | 13.2
Armour         | 1 2 3 5 6 7 8 9 10 11 12 13 | 13.2
Shields        | 1 2 3 5 6 7 8 9 10 11 12 13 | 13.2
Unarmed Combat | 1 2 3 5 6 7 8 9 10 11 12 13 | 13.2
Spellcasting   | 1 2 3 5 6 7 8 9 10 11 12 13 | 13.2
Invocations    | 1 2 3 4 5 6 7 8 10 11 12 13 14 | 14.3
Evocations     | 1 2 3 5 6 7 8 9 10 11 12 13 | 13.2
Shapeshifting  | 1 2 3 4 5 6 7 8 9 10 11 12 | 12.2
Conjurations   | 1 2 3 4 5 6 7 8 9 10 11 | 11.2
Hexes          | 1 2 3 4 5 6 7 8 9 10 11 | 11.2
Summonings     | 1 2 3 4 5 6 7 8 9 10 11 | 11.2
Necromancy     | 1 2 3 4 5 6 7 8 9 10 11 | 11.2
Translocations | 1 2 3 4 5 6 7 8 9 10 11 | 11.2
Fire Magic     | 1 2 3 4 5 6 7 8 9 10 11 | 11.2
Ice Magic      | 1 2 3 4 5 6 7 8 9 10 11 | 11.2
Air Magic      | 1 2 3 4 5 6 7 8 9 10 11 | 11.2
Earth Magic    | 1 2 3 4 5 6 7 8 9 10 11 | 11.2
Alchemy        | 1 2 3 4 5 6 7 8 9 10 11 | 11.2
Short Blades   | 5 6 7 8 9 10 11 12 13 | 13.9
Dodging        | 5 6 7 8 9 10 11 12 13 | 13.9
Fighting       | 7 8 9 10 11 12 13 14 | 14.6

Action                     |  1- 3 |  4- 6 |  7- 9 | 10-12 | 13-15 | 16-18 | 19-21 || total
---------------------------+-------+-------+-------+-------+-------+-------+-------++-------
  Melee: Short sword       |     2 |   339 |   264 |       |       |       |       ||   605
         Bite              |       |    37 |    42 |    14 |   121 |   146 |    83 ||   443
         Punch             |       |     8 |    11 |     9 |    22 |       |       ||    50
         Dagger            |       |       |    50 |    34 |       |     1 |     2 ||    87
         War axe           |       |       |       |    21 |    49 |       |       ||    70
         Scimitar          |       |       |       |       |   658 |   591 |    26 ||  1275
         Staff             |       |       |       |       |    62 |   130 |    23 ||   215
         Whip              |       |       |       |       |       |    87 |   412 ||   499
         Morningstar       |       |       |       |       |       |       |    15 ||    15
   Fire: Sling             |       |       |       |   226 |     2 |       |       ||   228
  Throw: Dart              |       |    13 |       |     8 |       |       |       ||    21
         Throwing net      |       |     5 |     3 |       |       |       |       ||     8
   Cast: Scorch            |       |       |    95 |   211 |     6 |     5 |       ||   317
         Confusing Touch   |       |       |    14 |     4 |       |    10 |       ||    28
         Slow              |       |       |     9 |     3 |       |     3 |       ||    15
         Mercury Vapours   |       |       |     3 |     3 |     2 |    28 |       ||    36
         Olgreb's Toxic Ra |       |       |     1 |    49 |   114 |    99 |    16 ||   279
         Summon Cactus Gia |       |       |       |     5 |    73 |    80 |    18 ||   176
         Flame Wave        |       |       |       |       |       |     9 |     5 ||    14
         Blink             |       |       |       |       |       |     2 |     4 ||     6
         Yara's Violent Un |       |       |       |       |       |       |     2 ||     2
 Invoke: Curse Item        |       |       |     2 |     5 |     2 |       |     1 ||    10
         Shatter the Chain |       |       |       |       |       |     1 |     2 ||     3
  Evoke: Wand              |       |     1 |     5 |     7 |     4 |     1 |     6 ||    24
         Phial of floods   |       |       |       |       |       |     1 |     1 ||     2
         Lightning rod     |       |       |       |       |       |       |     4 ||     4
    Use: Scroll            |       |    12 |     7 |     6 |    10 |     1 |     6 ||    42
         Potion            |       |     1 |     8 |     5 |     5 |     5 |    12 ||    36
   Stab: Sleeping          |     2 |    19 |    23 |     2 |     7 |     3 |     6 ||    62
         Distracted        |       |     2 |     1 |       |     3 |     6 |     1 ||    13
         Held in net/web   |       |     1 |     2 |       |       |     1 |       ||     4
         Confused          |       |       |     8 |       |       |    13 |       ||    21
         Invisible         |       |       |       |       |     2 |       |       ||     2
 Armour: Leather armour    |       |   116 |   121 |    11 |       |       |       ||   248
         Steam dragon scal |       |       |       |   138 |   400 |   437 |   155 ||  1130
  Dodge: Dodged            |       |   249 |   235 |   255 |   809 |   716 |   217 ||  2481
  Block: Kite shield       |       |       |       |       |   414 |   641 |   244 ||  1299

Table legend: (Time is in decaauts)
 A = Elapsed time spent in this place.
 B = Non-inter-level travel time spent in this place.
 C = Inter-level travel time spent in this place.
 D = Time resting spent in this place.
 E = Time spent auto-exploring this place.
 F = Levels seen in this place.
 G = Mean time per level.
                   A        B        C        D        E       F      G
               +--------+--------+--------+--------+--------+-----+--------+
         Total |  42462 |  38202 |   4260 |  12479 |  15802 |  30 | 1415.4 |
       Dungeon |  20197 |  17628 |   2569 |   4378 |   8332 |  15 | 1346.5 |
          Lair |   7490 |   6796 |    694 |   1832 |   3510 |   5 | 1498.0 |
   Spider Nest |   9288 |   8536 |    752 |   4386 |   2291 |   4 | 2322.0 |
  Orcish Mines |   1512 |   1289 |    223 |    278 |    707 |   2 |  756.0 |
   Elven Halls |   2274 |   2253 |     21 |    765 |    867 |   2 | 1137.0 |
      Ice Cave |   1387 |   1387 |      0 |    707 |     64 |   1 | 1387.0 |
        Wizlab |    310 |    310 |      0 |    131 |     29 |   1 |  310.0 |
               +--------+--------+--------+--------+--------+-----+--------+

Top non-repeatable levels by time:
Spider:3: 3991 daAuts
Spider:4: 2442 daAuts
  Lair:5: 2418 daAuts
     D:9: 2287 daAuts
   Elf:1: 2160 daAuts
    D:13: 2014 daAuts
    D:11: 1868 daAuts
     D:6: 1672 daAuts
  Lair:2: 1671 daAuts
    D:10: 1589 daAuts
Spider:1: 1549 daAuts
  Lair:1: 1535 daAuts
   IceCv: 1387 daAuts
     D:5: 1322 daAuts
Spider:2: 1305 daAuts
